 Dungeon Crawl Stone Soup version 0.31.0-11-ge490571c62 (webtiles) character file.

Game seed: 2847969170373099395

71 qw the Shooter (level 4, -2/25 HPs)
             Began as a Deep Elf Hunter on Feb 4, 2024.
             Slain by an orc
             ... wielding a +0 club
              (4 damage)
             ... on level 3 of the Dungeon.
             The game lasted 00:00:05 (1612 turns).

qw the Shooter (Deep Elf Hunter)                    Turns: 1612, Time: 00:00:06

Health: -2/25      AC:  5    Str: 10    XL:     4   Next: 5%
Magic:  6/6        EV: 11    Int: 14    God:
Gold:   99         SH:  5    Dex: 18    Spells: 3/3 levels left

rFire   . . .        a - +0 shortbow
rCold   . . .        (shield currently unavailable)
rNeg    . . .        b - +0 ring mail
rPois   .            (no helmet)
rElec   .            (no cloak)
rCorr   .            (no gloves)
SInv    .            (no boots)
Will    .....        h - amulet of reflection
Stlth   +            (no ring)
HPRegen 0.24/turn    (no ring)
MPRegen 0.10/turn

%: reflection
@: no status effects
A: no striking features
a: no special abilities


You were on level 3 of the Dungeon.
You visited 1 branch of the dungeon, and saw 3 of its levels.

You collected 99 gold pieces.


   Skills:
 - Level 1.5 Fighting
 + Level 7.5 Ranged Weapons
 - Level 2.4 Dodging
 - Level 1.2 Stealth


You had 3 spell levels left.
You didn't know any spells.
Your spell library was empty.

Inventory:

Hand Weapons
 a - a +0 shortbow (weapon)
Armour
 b - a +0 ring mail (worn)
Jewellery
 h - an amulet of reflection (around neck)
Scrolls
 c - a scroll of enchant weapon {unknown}
Potions
 d - a potion of haste {unknown}
 f - a potion of lignification {unknown}
 g - a potion of degeneration {unknown}
 i - a potion of attraction {unknown}

Dungeon Overview and Level Annotations

Branches:
Dungeon (3/15)

Altars:
Gozag


Message History

You shoot an arrow. The arrow hits the adder.
The adder is almost dead.
The adder bites you. The rat bites you but does no damage.
The orc hits you with a +0 club. The adder closely misses you.
You shoot an arrow. The arrow barely misses the adder.
The rat bites you but does no damage. The adder barely misses you.
The orc misses you. The rat bites you.
You shoot an arrow.
The arrow hits the adder but does no damage.
The adder is almost dead.
The adder bites you but does no damage. The orc hits you but does no damage.
The rat bites you but does no damage. The adder bites you.
You block the orc's attack.
You shoot an arrow. The arrow closely misses the adder.
You block the adder's attack. The orc barely misses you.
The orc hits you but does no damage. The rat bites you but does no damage.
You shoot an arrow. The arrow hits the adder.
You kill the adder!
The orc barely misses you. The rat bites you but does no damage.
You block the orc's attack.
You have reached level 4!
You feel clever.
You shoot an arrow. The arrow completely misses the orc.
The orc misses you. The rat barely misses you. The orc hits you with a +0 club.
You shoot an arrow. The arrow hits the orc.
The orc is heavily wounded.
The orc hits you but does no damage. The rat bites you but does no damage.
The orc hits you with a +0 club.
You shoot an arrow.
The arrow hits the orc but does no damage.
The orc is heavily wounded.
The orc hits you but does no damage. The rat bites you but does no damage.
The orc hits you with a +0 club.
You shoot an arrow. The arrow closely misses the orc.
The orc hits you with a +0 mace. You block the rat's attack.
The orc hits you with a +0 club. The orc hits you with a +0 mace.
The rat bites you but does no damage. The orc hits you with a +0 club.
You shoot an arrow. The arrow hits the orc!
You kill the orc!
The orc hits you with a +0 club.
You die...

.......... ........##
........ ...#..
.%...#.....# ....
.......#...####.. #...
.......#%r)......... #....
.......#.@o.........##...#
........#.#................
#.......#.#..#.###.........
#......#.##.#.#...........
#.......##..............#
#.......##...............
#.....#..................
#.....###................
##.......................#


You could see an orc and a rat.

Vanquished Creatures
  3 adders
  A dart slug (D:2)
  A ribbon worm (D:2)
  3 orcs
  5 endoplasms
  4 goblins
  3 hobgoblins (D:2)
  3 jackals (D:2)
  2 ball pythons
  5 bats
  2 frilled lizards (D:2)
  3 kobolds (D:2)
  5 rats
40 creatures vanquished.

Notes
Turn   | Place    | Note
-------+----------+-------------------------------------------
     0 | D:1      | qw the Deep Elf Hunter began the quest for the Orb.
     0 | D:1      | Reached XP level 1. HP: 12/12 MP: 3/3
     0 | D:1      | 0 ||| qw: Version: 0.3-a-160-g6735b56
     0 | D:1      | 0 ||| qw: Game counter: 4613
     0 | D:1      | 0 ||| qw: Melee chars always use a shield: true
     0 | D:1      | 0 ||| qw: God list: Okawaru
     0 | D:1      | 0 ||| qw: Allow faded altars: false
     0 | D:1      | 0 ||| qw: Do Orc after clearing Dungeon:15 true
     0 | D:1      | 0 ||| qw: Do second Lair branch before Depths: true
     0 | D:1      | 0 ||| qw: Lair rune preference: random
     0 | D:1      | 0 ||| qw: Goals: Normal
     0 | D:1      | 0 ||| PLANNING D:1-11
   419 | D:1      | Reached XP level 2. HP: 16/16 MP: 4/4
   432 | D:1      | Reached skill level 6 in Ranged Weapons
   757 | D:1      | 757 ||| UPGRADING to amulet of reflection.
   762 | D:1      | 762 ||| READING scroll labelled ECRAOQANLA.
   763 | D:1      | 763 ||| DRINKING 2 yellow potions.
   764 | D:1      | 764 ||| DRINKING 2 metallic black potions.
   765 | D:1      | 765 ||| DROPPING scroll of butterflies.
   766 | D:1      | 766 ||| DROPPING potion of ambrosia.
   768 | D:1      | 768 ||| Stepping ~*~*~tactically~*~*~ (cloud).
   768 | D:1      | HP: 2/16 [poisoned by you (poison gas)]
   769 | D:1      | 769 ||| DRINKING potion of curing.
   769 | D:1      | 769 ||| (to cure poison)
   993 | D:2      | Reached XP level 3. HP: 20/20 MP: 5/5
  1186 | D:2      | 1186 ||| FLEEEEING.
  1187 | D:2      | 1187 ||| FLEEEEING.
  1188 | D:2      | 1188 ||| FLEEEEING.
  1189 | D:2      | 1189 ||| FLEEEEING.
  1191 | D:2      | 1191 ||| FLEEEEING.
  1219 | D:2      | Reached skill level 7 in Ranged Weapons
  1319 | D:2      | 1319 ||| UPGRADING to +0 ring mail.
  1329 | D:2      | 1329 ||| DROPPING +0 leather armour.
  1330 | D:2      | 1330 ||| READING scroll labelled VUCANE PAUMAUDI.
  1341 | D:3      | 1341 ||| STAIRDANCE
  1346 | D:3      | 1346 ||| STAIRDANCE
  1422 | D:3      | Found an opulent altar of Gozag.
  1428 | D:3      | Identified the +5 hand axe of the Egg {heavy, rPois Will+
                  | Str+3}
  1493 | D:3      | Found a faded altar of an unknown god.
  1608 | D:3      | Reached XP level 4. HP: 13/25 MP: 6/6
  1611 | D:3      | HP: 6/25 [orc/+0 club (1)]
  1611 | D:3      | HP: 2/25 [orc/+0 club (1)]
  1612 | D:3      | Slain by an orc

Levels and vault maps discovered:
D:1:      ncdulo_wetmaze, layout_basic
D:2:      layout_basic, kennysheep_big_empty_room
D:3:      layout_rooms, lemuel_round_altar, nicolae_gozag_seed_capital,
          shapermc_ecumenical_altar_mp_highgroup

Skill      XL: |  1  2  3 |
---------------+----------+-----
Ranged Weapons | 6 7 |  7.5
Fighting       | |  1.5
Dodging        | |  2.4
Stealth        | |  1.2

Action                     |  1- 3 |  4- 6 || total
---------------------------+-------+-------++-------
   Fire: Shortbow          |    97 |     5 ||   102
    Use: Potion            |     3 |       ||     3
         Scroll            |     2 |       ||     2
 Armour: Ring mail         |    24 |    13 ||    37
         Leather armour    |     6 |       ||     6
  Dodge: Dodged            |    18 |     2 ||    20
  Block: Other             |    12 |     1 ||    13

Table legend:
 A = Non-vault XP
 B = Vault XP
 C = Vault XP percentage of total XP
 D = Non-vault monster count
 E = Vault monster count
 F = Vault count percentage of total count
                 A         B        C        D         E       F
            +---------+---------+-------+---------+---------+-------
      Total |     105 |       0 |   0.0 |      40 |       0 |   0.0
            +---------+---------+-------+---------+---------+-------
        D:1 |      14 |       0 |   0.0 |       9 |       0 |   0.0
        D:2 |      57 |       0 |   0.0 |      26 |       0 |   0.0
        D:3 |      34 |       0 |   0.0 |       5 |       0 |   0.0
            +---------+---------+-------+---------+---------+-------
